 Dungeon Crawl Stone Soup version 0.25.0-7-g216d0a8 (webtiles) character file.

Game seed: 18407771876168990102

37 Gadfly the Chopper (level 3, 28/29 HPs)
             Began as a Demonspawn Monk on June 15, 2020.
             Quit the game on level 2 of the Dungeon.
             The game lasted 00:01:00 (1259 turns).

Gadfly the Chopper (Demonspawn Monk)                Turns: 1259, Time: 00:01:00

Health: 28/29      AC:  5    Str: 12    XL:     3   Next: 21%
Magic:  3/3        EV: 11    Int: 11    God:
Gold:   44         SH:  0    Dex: 15    Spells: 2/2 levels left

rFire    . . .     SeeInvis .   a - +0 hand axe
rCold    . . .     Gourm    .   (no shield)
rNeg     . . .     Faith    .   g - +0 ring mail
rPois    .         Spirit   .   (helmet restricted)
rElec    .         Reflect  .   (no cloak)
rCorr    .         Harm     .   (no gloves)
MR       .....                  (no boots)
Stlth    ++........             (no amulet)
HPRegen  0.09/turn              (no ring)
MPRegen  0.08/turn              (no ring)

@: no status effects
A: antennae 1, nightstalker 1
a: no special abilities


You were on level 2 of the Dungeon.
You were not hungry.

You visited 1 branch of the dungeon, and saw 2 of its levels.

You collected 44 gold pieces.

Inventory:

Hand Weapons
 a - a +0 hand axe (weapon)
Armour
 g - a +0 ring mail (worn)
Scrolls
 b - a scroll of fog {unknown}
 d - a scroll of teleportation
 f - a scroll of identify {unknown}
Potions
 e - a potion of stabbing {unknown}
Comestibles
 c - 5 rations
 h - 2 chunks of flesh


   Skills:
 - Level 3.0 Fighting
 * Level 3.6 Axes
 + Level 1.3 Armour
 - Level 2.6 Dodging
 - Level 1.7 Stealth


You had 2 spell levels left.
You didn't know any spells.
Your spell library was empty.

Dungeon Overview and Level Annotations

Branches:
Dungeon (2/15)

Altars:


Innate Abilities, Weirdness & Mutations

You have a pair of small antennae on your head.
You are slightly more attuned to the shadows.


Message History

You hit the adder.
You kill the adder!
You have reached level 3!
Your experience leads to an increase in your attributes!
Increase (S)trength, (I)ntelligence, or (D)exterity?
You feel stronger.
Your demonic ancestry asserts itself...
You slip into the darkness of the dungeon.
You hit the hobgoblin.
You kill the hobgoblin!
The kobold throws a stone.
The stone closely misses you. The kobold hits you.
You hit the kobold.
You kill the kobold!
No target in view!
No target in view!
No target in view!
No target in view!
No target in view!
No target in view!
Are you sure you want to abandon this character and quit the game? (Confirm with "yes".)

#...........
#............
#............
##...........
..........>###
.....(.......#
......@......#
........)....#
.......†(....#########
.......?.......).....#
.............#######.#
...........(.# #.#
.######+######## #.#
#....<........# #.#
#.......#####.# #.#


There were no monsters in sight!

Vanquished Creatures
  2 adders (D:2)
  A dart slug (D:1)
  A leopard gecko (D:2)
  2 bats
  A giant cockroach (D:1)
  A goblin (D:1)
  A hobgoblin (D:2)
  A ball python (D:1)
  A frilled lizard (D:1)
  6 kobolds
  A rat (D:1)
18 creatures vanquished.

Notes
Turn   | Place    | Note
-------+----------+-------------------------------------------
     0 | D:1      | Gadfly the Demonspawn Monk began the quest for the Orb.
     0 | D:1      | Reached XP level 1. HP: 18/18 MP: 1/1
   601 | D:1      | Gained mutation: You have a pair of small antennae on your
                  | head. [demonic ancestry]
   601 | D:1      | Reached XP level 2. HP: 23/24 MP: 2/2
  1183 | D:2      | Reached skill level 1 in Armour
  1255 | D:2      | Gained mutation: You are slightly more attuned to the
                  | shadows. [demonic ancestry]
  1255 | D:2      | Reached XP level 3. HP: 29/29 MP: 3/3
  1259 | D:2      | Quit the game

Illustrated notes

Levels and vault maps discovered:
D:1:      dpeg_arrival_round_a, layout_basic, serial_glass, glass_columns_a,
          glass_columns_b, glass_columns_c, glass_columns_b, glass_columns_a,
          glass_columns_a, glass_columns_c, glass_columns_b, glass_columns_b,
          glass_columns_a, serial_bayou_pond_c, chequers_jeans
D:2:      layout_basic, first_ration

Skill      XL: |  1  2 |
---------------+-------+-----
Axes           | 3 |  3.6
Armour         | 1 |  1.3
Fighting       | |  3.0
Dodging        | |  2.6
Stealth        | |  1.7

Action                   || total
-------------------------++-------
Melee: Hand axe          ||    55
  Use: Scroll            ||     1
 Stab: Sleeping          ||     1
  Eat: Chunk             ||     1
Armor: Robe              ||     6
       Ring mail         ||    21
Dodge: Dodged            ||    41
